 Dungeon Crawl Stone Soup version 0.18-b1-22-ge198996 (webtiles) character file.

226 Jorlmund the Cudgeler (level 5, -6/63 HPs)
             Began as a Demonspawn Berserker on May 3, 2016.
             Was a Priest of Trog.
             Killed by divine providence
             ... invoked by an orc priest
              (10 damage)
             ... on level 3 of the Dungeon.
             The game lasted 00:11:41 (3319 turns).

Jorlmund the Cudgeler (Demonspawn Berserker)        Turns: 3319, Time: 00:11:42

Health: -6/63      AC:  7    Str: 24    XL:     5   Next: 69%
Magic:  5/5        EV: 10    Int:  8    God:    Trog [***...]
Gold:   95         SH:  0    Dex: 12    Spells: 0 memorised, 4 levels left

rFire  . . .     SeeInvis .     a - +0 mace
rCold  . . .     Gourm    .     y - +0 scale mail
rNeg   . . .     Faith    .     (no shield)
rPois  .         Spirit   .     (no helmet)
rElec  .         Dismiss  .     l - +0 cloak (curse)
rCorr  .         Reflect  .     (no gloves)
SustAt .         Harm     .     (no boots)
MR     .....                    (no amulet)
Stlth  ..........               (no ring)
                                (no ring)

@: berserking, very quick, not resistant to hostile enchantments, extremely
unstealthy
A: hooves 2, powered by death 1
a: Berserk, Trog's Hand, Burn Spellbooks, Renounce Religion


You were on level 3 of the Dungeon.
You worshipped Trog.
Trog was most pleased with you.
You were not hungry.

You visited 1 branch of the dungeon, and saw 4 of its levels.

You collected 95 gold pieces.

Inventory:

Hand Weapons
 a - a +0 mace (weapon)
 m - a +1 dagger of venom
 A - a +0 blowgun
Missiles
 k - 81 arrows
 r - a throwing net (quivered)
 B - 5 poisoned needles
Armour
 b - a +0 animal skin
 l - a cursed +0 cloak (worn)
 v - a +0 ring mail
 y - a +0 scale mail (worn)
Scrolls
 f - a scroll of immolation {unknown}
 g - 5 scrolls of identify {unknown}
 i - 2 scrolls of magic mapping {unknown}
 o - 3 scrolls of enchant armour {unknown}
 q - a scroll of remove curse {unknown}
 t - 2 scrolls of amnesia {unknown}
 u - a scroll of fear {unknown}
 z - a scroll of noise {unknown}
Potions
 e - 2 potions of mutation {unknown}
 h - a potion of invisibility {unknown}
 j - a potion of might {unknown}
 n - 2 potions of degeneration {unknown}
 p - a potion of agility {unknown}
 w - a potion of curing {unknown}
Comestibles
 c - 4 bread rations
 d - 2 meat rations
 s - a chunk of flesh
 x - 4 fruits


   Skills:
 + Level 4.3 Fighting
 * Level 4.7 Maces & Flails
 * Level 2.4 Armour
 - Level 1.8 Dodging


You had 4 spell levels left.
You didn't know any spells.

Dungeon Overview and Level Annotations

Branches:
Dungeon (4/15)
 Temple: D:4-7

Altars:
Elyvilon


Innate Abilities, Weirdness & Mutations

You have hoof-like feet.
You regenerate a little health from kills.


Message History

The ogre shouts!
The orc warrior hits you with a hand axe!
The ogre barely misses you.
There is a stone staircase leading up here.
The orc priest barely misses you. The orc warrior barely misses you.
The ogre barely misses you.
You climb upwards.
There is a stone staircase leading down, spattered with blood here.
The orc warrior hits you with a hand axe!
The ogre hits you with a giant club!
The orc priest invokes the aid of Beogh against you.
Beogh smites you!
* * * LOW HITPOINT WARNING * * *
A red film seems to cover your vision as you go berserk!
You feel yourself moving faster!
You feel mighty!
You feel somewhat more hungry. The ogre closely misses you.
You feel a strong urge to attack something.
The orc priest invokes the aid of Beogh against you.
Beogh smites you!
You die...

#....#........#.#.(#####.###.#
#.##.########.#.......o..#...#
#.##.#### #.###..#######.#.#
####....# ##.###.o#######.#.#
###.## #...............#.####
#.# #####...#######.#.....
#.#########Oo.# #.######
#........##...# #.# #.
#..#####.##@.## #.# #. #..#
#.##..# #.# #. #..# #.##..#
#.# ## #<.# #.##..# #.#
##.#####.##..# #.#
#...........# ###
#######.....# #.##### ###


You could see an orc warrior, an ogre and an orc priest.

Vanquished Creatures
  Natasha (thrice) (D:2)
  3 gnolls (D:3)
  2 adders (D:2)
  3 oozes
  6 dart slugs
  A giant gecko (D:3)
  2 orcs (D:3)
  11 bats
  A giant cockroach (D:1)
  5 goblins
  11 hobgoblins
  17 kobolds
  A quokka (D:2)
  8 giant newts
  10 rats
84 creatures vanquished.

Notes
Turn   | Place    | Note
--------------------------------------------------------------
     0 | D:1      | Jorlmund the Demonspawn Berserker began the quest for the Orb.
     0 | D:1      | Reached XP level 1. HP: 18/18 MP: 1/1
     6 | D:1      | Noticed a water moccasin
     6 | D:1      | Noticed a rime drake
     6 | D:1      | Noticed a black bear
   454 | D:1      | Gained mutation: You regenerate a little health from kills. [demonic ancestry]
   454 | D:1      | Reached XP level 2. HP: 19/24 MP: 2/2
   842 | D:2      | Gained mutation: You have large cloven feet. [demonic ancestry]
   842 | D:2      | Reached XP level 3. HP: 28/29 MP: 3/3
   904 | D:2      | Reached ** piety under Trog
  1506 | D:2      | Noticed Natasha
  1707 | D:2      | Killed Natasha
  1707 | D:2      | Gained mutation: You have hoof-like feet. [demonic ancestry]
  1707 | D:2      | Reached XP level 4. HP: 37/37 MP: 4/4
  1799 | D:2      | Noticed Natasha
  1805 | D:2      | Killed Natasha
  1872 | D:2      | Noticed Natasha
  1882 | D:2      | Killed Natasha
  1882 | D:2      | Reached XP level 5. HP: 26/42 MP: 5/5
  2710 | D:3      | Found a white marble altar of Elyvilon.
  2727 | D:3      | Reached *** piety under Trog
  3265 | D:4      | Noticed an orc warrior
  3292 | D:4      | Noticed an ogre
  3319 | D:3      | Killed from afar by an orc priest

Skill      XL: |  1  2  3  4 |
---------------+-------------+-----
Maces & Flails | 3 4 |  4.7
Armour         | 2 |  2.4
Fighting       | 4 |  4.3
Dodging        | |  1.8

Action                   |  1- 3 |  4- 6 || total
-------------------------+-------+-------++-------
Melee: Mace              |   131 |   131 ||   262
       Kick              |    13 |    33 ||    46
Invok: Berserk           |     1 |     2 ||     3
 Stab: Sleeping          |     1 |       ||     1
  Eat: Chunk             |     3 |     7 ||    10
Armor: Animal skin       |    51 |     3 ||    54
       Scale mail        |       |    35 ||    35
       Ring mail         |       |    16 ||    16
Dodge: Dodged            |   125 |    86 ||   211
